 Dungeon Crawl Stone Soup version 0.28-a0-97-g102d6777a4 (webtiles) character file.

Game seed: 4374051404605974964

84 dsnv the Digger (level 4, -11/24 HPs)
             Began as a Gargoyle Earth Elementalist on Aug 9, 2021.
             Was an Initiate of Vehumet.
             Mangled by a troll (14 damage)
             ... summoned by the darkness of Dithmenos
             ... on level 2 of the Dungeon.
             The game lasted 00:04:22 (2077 turns).

dsnv the Digger (Gargoyle Earth Elementalist)       Turns: 2077, Time: 00:04:23

Health: -11/24     AC:  7    Str: 11    XL:     4   Next: 46%
Magic:  4/8        EV: 11    Int: 17    God:    Vehumet [......]
Gold:   68         SH:  0    Dex: 10    Spells: 5/9 levels left

rFire   . . .      SeeInvis .   a - +0 whip
rCold   . . .      Faith    .   (no shield)
rNeg    + . .      Spirit   .   b - +0 robe
rPois   ∞          Reflect  .   g - +1 helmet
rElec   +          Harm     .   (no cloak)
rCorr   .          Rampage  .   (no gloves)
Will    .....                   (no boots)
Stlth   ++........              (no amulet)
HPRegen 0.08/turn               (no ring)
MPRegen 0.11/turn               (no ring)

@: no status effects
A: sickness immunity, AC +3, negative energy resistance 1, electricity
resistance, torment resistance 1, petrification resistance
a: Renounce Religion


You were on level 2 of the Dungeon.
You worshipped Vehumet.
Vehumet was noncommittal.
You visited 1 branch of the dungeon, and saw 2 of its levels.

You collected 68 gold pieces.

Inventory:

Hand Weapons
 a - a +0 whip (weapon)
 f - a +0 mace
Missiles
 c - 49 stones
 e - 2 throwing nets
Armour
 b - a +0 robe (worn)
 g - a +1 helmet (worn)
Potions
 d - a potion of berserk rage {unknown}


   Skills:
 - Level 1.5 Dodging
 - Level 2.1 Stealth
 + Level 3.3 Spellcasting
 - Level 0.7 Transmutations
 + Level 5.0 Earth Magic


You had 5 spell levels left.
You knew the following spells:

 Your Spells              Type           Power      Damage    Failure   Level
a - Sandblast             Erth           40%        2d10      2%          1
b - Stone Arrow           Conj/Erth      22%        3d8       19%         3

Your spell library contained the following spells:

 Spells                   Type           Power      Damage    Failure   Level
 Passwall                 Tmut/Erth      10%        N/A       8%          2
 Petrify                  Tmut/Erth      12%        N/A       45%         4


Dungeon Overview and Level Annotations

Branches:
Dungeon (2/15)

Altars:
Dithmenos
Vehumet


Innate Abilities, Weirdness & Mutations

You are immune to sickness and miasma.
Your stone body is resilient. (AC +3)
You are immune to poison.
You resist negative energy. (rN+)
You are resistant to electric shocks. (rElec)
You are resistant to unholy torment.
You are immune to petrification.


Message History

Aim: a troll (summoned, 81% to hit)
Okay, then.
Unknown command.
Casting: Sandblast (safe; 2% risk of failure)
Confirm with . or Enter, or press ? or * to list all spells.
Aiming: Sandblast (safe; 2% risk of failure)
Press: ? - help, Shift-Dir - straight line, f - troll
Aim: a troll (summoned, 81% to hit)
The blast of sand hits the troll!
The troll is moderately wounded.
Casting: Sandblast (safe; 2% risk of failure)
Confirm with . or Enter, or press ? or * to list all spells.
Aiming: Sandblast (safe; 2% risk of failure)
Press: ? - help, Shift-Dir - straight line, f/p - troll
Aim: a troll (moderately wounded, summoned, 81% to hit)
The blast of sand hits the troll!
The troll is heavily wounded.
Casting: Sandblast (safe; 2% risk of failure)
Confirm with . or Enter, or press ? or * to list all spells.
Aiming: Sandblast (safe; 2% risk of failure)
Press: ? - help, Shift-Dir - straight line, f/p - troll
Aim: a troll (heavily wounded, summoned, 81% to hit)
The blast of sand hits the troll!
The troll is severely wounded.
The centaur zombie hits you but does no damage.
The centaur zombie kicks you but does no damage.
The troll bites you! The troll claws you but does no damage.
The troll claws you!
* * * LOW HITPOINT WARNING * * *
Casting: Sandblast (safe; 2% risk of failure)
Confirm with . or Enter, or press ? or * to list all spells.
Aiming: Sandblast (safe; 2% risk of failure)
Press: ? - help, Shift-Dir - straight line, f/p - troll
Aim: a troll (severely wounded, summoned, 81% to hit)
The blast of sand hits the troll but does no damage.
The troll is severely wounded.
The centaur zombie hits you but does no damage.
The centaur zombie barely misses you. The troll bites you!
Ouch! That really hurt!
You die...

#....)...#.###+#
#########........#.##...
........)#########..#..#
.........# ##.#...
.........## ##..).#.
..........# #.....#.
..........# #.....#.
...###TZ.# #...#.## ##.
#@### #...#..#
#............ #.......
####......... ##'#.#.#
#......... #...#..
.......... ######.
###........ #. #......).
## ..####### # ##


You could see a troll (summoned) and a centaur zombie (summoned).

Vanquished Creatures
  Robin (D:2)
  2 adders (D:2)
  2 dart slugs (D:2)
  4 ball pythons
  2 endoplasms
  A giant cockroach (D:1)
  10 goblins
  7 hobgoblins
  A jackal (D:2)
  A quokka (D:1)
  3 bats
  8 frilled lizards (D:1)
  4 kobolds
  3 rats
49 creatures vanquished.

Vanquished Creatures (others)
  4 plants (D:1)
4 creatures vanquished.

Grand Total: 53 creatures vanquished

Notes
Turn   | Place    | Note
-------+----------+-------------------------------------------
     0 | D:1      | dsnv the Gargoyle Earth Elementalist began the quest for
                  | the Orb.
     0 | D:1      | Reached XP level 1. HP: 10/10 MP: 3/3
   296 | D:1      | Reached XP level 2. HP: 5/15 MP: 3/5
   497 | D:1      | Reached skill level 4 in Earth Magic
   570 | D:1      | Found a faded altar of an unknown god.
   636 | D:1      | Became a worshipper of Dithmenos the Shadowed
   636 | D:1      | Reached * piety under Dithmenos
  1262 | D:2      | Fell from the grace of Dithmenos
  1365 | D:2      | Reached XP level 3. HP: 14/19 MP: 5/7
  1369 | D:2      | Learned a level 3 spell: Stone Arrow
  1571 | D:2      | Noticed Robin
  1590 | D:2      | Killed Robin
  1658 | D:2      | Reached XP level 4. HP: 22/24 MP: 6/8
  1832 | D:2      | Found a radiant altar of Vehumet.
  1840 | D:2      | Became a worshipper of Vehumet
  1968 | D:2      | Reached skill level 5 in Earth Magic
  2066 | D:2      | Noticed a troll
  2077 | D:2      | Mangled by a troll

Illustrated notes

Levels and vault maps discovered:
D:1:      noname_arrival_rooms_in_the_neighbourhood, layout_loops_ring,
          hellmonk_ecumenical_altar_pennies_from_heaven, minmay_lizard_king
D:2:      layout_basic, basic_altar, minmay_hexomino_r4, uniq_robin

Skill      XL: |  1  2  3  4 |
---------------+-------------+-----
Earth Magic    | 4 5 |  5.0
Spellcasting   | 3 |  3.3
Dodging        | |  1.5
Stealth        | |  2.1
Transmutations | |  0.7

Action                   |  1- 3 |  4- 6 || total
-------------------------+-------+-------++-------
Melee: Unarmed           |    22 |       ||    22
       Whip              |    73 |    60 ||   133
 Cast: Sandblast         |    17 |    14 ||    31
Invok: Renounce Religion |     1 |       ||     1
  Use: Scroll            |     1 |     1 ||     2
 Stab: Sleeping          |     2 |       ||     2
Armor: Robe              |    42 |    35 ||    77
Dodge: Dodged            |    57 |    39 ||    96

Table legend: (Time is in decaauts)
 A = Elapsed time spent in this place.
 B = Non-inter-level travel time spent in this place.
 C = Inter-level travel time spent in this place.
 D = Time resting spent in this place.
 E = Time spent auto-exploring this place.
 F = Levels seen in this place.
 G = Mean time per level.
                   A        B        C        D        E       F      G
               +--------+--------+--------+--------+--------+-----+--------+
         Total |   2093 |   2064 |     29 |    219 |   1450 |   2 | 1046.5 |
       Dungeon |   2093 |   2064 |     29 |    219 |   1450 |   2 | 1046.5 |
               +--------+--------+--------+--------+--------+-----+--------+

Top non-repeatable levels by time:
     D:1: 1241 daAuts
     D:2: 852 daAuts
